[Event "Late-Titled-Tuesday-Blitz-September-26-2023"]
[Site "Chess.com"]
[Date "2023.09.26"]
[Round "11"]
[White "bazar-wokzal"]
[Black "Chessdreamer2020"]
[Result "0-1"]
[WhiteElo "2653"]
[BlackElo "2536"]
[TimeControl "180+1"]
[EndTime "16:01:17 PDT"]
[Termination "Chessdreamer2020 won on time"]

1. e4 d6 2. f4 d5 3. exd5 Qxd5 4. Nc3 Qa5 5. Nf3 Nf6 6. d4 Bg4 7. h3 Bxf3 8. Qxf3 Nc6 9. Bb5 Qb6 10. Be3 O-O-O 11.
Bxc6 Qxc6 12. Qxc6 bxc6 13. Ke2 Nd5 14. Ne4 e6 15. c4 Nf6 16. Ng5 Rd7 17. Rhd1 Bd6 18. Rac1 Nh5 19. Kf3 Rhd8 20. Ne4 Be7 21. g4 Nf6 22.
Ng5 Bf8 23. h4 c5 24. d5 exd5 25. cxd5 Re8 26. Bxc5 h6 27. Bxf8 Rxf8 28. Ne4 Rxd5 29. Rxd5 Nxd5 30. Rc5 Nb6 31. h5 Rd8 32. g5 Rd3+ 33. Kg4 Nd5 34. gxh6 gxh6 35. Kf5 Kd7 36. Nf6+ Nxf6 37. Kxf6 Rf3 38. f5 Rh3 39. Kxf7 Rxh5 40.
b4 Rh2 41. f6 h5 42. b5 h4 43. Rd5+ Kc8 44. Ke7 Rxa2 45. f7 Rf2 0-1

[Event "Late-Titled-Tuesday-Blitz-September-26-2023"]
[Site "Chess.com"]
[Date "2023.09.26"]
[Round "11"]
[White "sofaceindisguise"]
[Black "Fandorine"]
[Result "1/2-1/2"]
[WhiteElo "2732"]
[BlackElo "2923"]
[TimeControl "180+1"]
[EndTime "16:01:19 PDT"]
[Termination "Game drawn - insufficient material"]

1. c4 e6 2. d4 d5 3. Nc3 Nf6 4.
cxd5 exd5 5. Bg5 c6 6. e3 h6 7. Bh4 Be7 8. Qc2 O-O 9. Bd3 Re8 10. Nge2 Nbd7 11. O-O Nh5 12. Bxe7 Qxe7 13. Rab1 a5 14. a3 Qg5 15. b4 axb4 16. axb4 Ndf6 17. b5 Qh4 18. Bf5 g6 19. Bxc8 Raxc8 20. bxc6 bxc6 21.
Rb7 Ng7 22. h3 Nf5 23. Nf4 Nxd4 24. Nxg6 Nxc2 25. Nxh4 d4 26. exd4 Nxd4 27. Rd1 c5 28.
Nb5 Rcd8 29. Nxd4 Rxd4 30. Rxd4 cxd4 31. Rb1 Nd5 32. Rd1 Nc3 33. Rd3 Re1+ 34. Kh2 Rd1 35.
Rxd1 Nxd1 36. Kg3 d3 37. Nf3 Nb2 38. Nd2 Kg7 39. Kf4 Kg6 40. g4 h5 41. f3 f6 42.
h4 Nd1 43. Ke4 Nb2 44. Ke3 Kh6 45. Ne4 Kg6 46. Ng3 hxg4 47. fxg4 Nd1+ 48. Kxd3 Nf2+ 49. Ke3 Nxg4+ 50. Kf4 Nh6 51. h5+ Kh7 52. Nf5 Nxf5 53. Kxf5 Kh6 54. Kxf6 Kxh5 1/2-1/2

[Event "Late-Titled-Tuesday-Blitz-September-26-2023"]
[Site "Chess.com"]
[Date "2023.09.26"]
[Round "11"]
[White "melissa_guez"]
[Black "Cambek64"]
[Result "0-1"]
[WhiteElo "2229"]
[BlackElo "2474"]
[TimeControl "180+1"]
[EndTime "16:01:22 PDT"]
[Termination "Cambek64 won on time"]

1. e4 c5 2. Nf3 d6 3. d4 cxd4 4. Nxd4 Nf6 5. Nc3 a6 6. Be2 e5 7. Nb3 Be7 8. O-O Be6 9. Bf3 Nbd7 10. Re1 O-O 11. a4 Rc8 12. Nd2 Nb6 13. a5 Nc4 14. Nxc4 Rxc4 15. Be3 Qc8 16. Re2 Qc6 17. Rd2 h6 18.
Nd5 Bxd5 19. exd5 Qd7 20. Be2 Rcc8 21. c4 Nh7 22. f4 exf4 23. Bxf4 Bf6 24. Rc1 Qe7 25. Bf3 Be5 26. Bxe5 Qxe5 27. Re2 Qf6 28. b4 Rfd8 29. c5 Nf8 30. c6 Rc7 31. Qd3 Ng6 32. Qd1 Ne5 33. Be4 g6 34. Rf2 Qe7 35. Re2 f5 36. Bf3 Qh4 37. Qf1 Qxb4 38. Rb1 Qxa5 39.
cxb7 Rb8 40. Reb2 Qc5+ 41. Kh1 h5 42. Be2 a5 43. Ba6 Qxd5 44. Be2 Qc6 45. Rd1 a4 0-1

[Event "Late-Titled-Tuesday-Blitz-September-26-2023"]
[Site "Chess.com"]
[Date "2023.09.26"]
[Round "11"]
[White "azikom"]
[Black "rose107"]
[Result "0-1"]
[WhiteElo "2590"]
[BlackElo "2191"]
[TimeControl "180+1"]
[EndTime "16:01:22 PDT"]
[Termination "rose107 won on time"]

1. c4 e6 2. g3 Nf6 3. Bg2 d5 4. Nf3 c5 5. O-O Nc6 6. b3 Be7 7. Bb2 O-O 8. e3 b6 9. Nc3 Bb7 10. cxd5 exd5 11. d4 Rc8 12. dxc5 bxc5 13. Rc1 Qd7 14.
Na4 Nb4 15. Bxf6 gxf6 16. a3 Na6 17. Nc3 Rfd8 18. Ne2 Bf8 19. Nf4 Nc7 20. Nh4 Ne8 21.
Bh3 Qc6 22. Bxc8 Rxc8 23. Qg4+ Kh8 24. Nhg2 c4 25. bxc4 dxc4 26. Rfd1 Bxa3 27. Rc2 Bd6 28. Qh3 Qf3 29. Rdc1 Bxf4 30. e4 Bxe4 31. Rc3 Qxg2+ 32. Qxg2 Bxg2 33. gxf4 Bd5 34. Rd1 Be6 35. Ra3 Nc7 36. Rxa7 Nb5 37. Rb7 Nc3 38. Ra1 Ne4 39. f3 Nd2 40. Kf2 c3 41. Rc1 Nb3 42. Rc2 Nd4 43. Rc1 c2 44. Rb2 Bf5 45. Ke3 Ne6 46. Rb4 Nc5 47.
Rc4 Re8+ 0-1

[Event "Late-Titled-Tuesday-Blitz-September-26-2023"]
[Site "Chess.com"]
[Date "2023.09.26"]
[Round "11"]
[White "Jospem"]
[Black "DanielNaroditsky"]
[Result "1-0"]
[WhiteElo "3022"]
[BlackElo "3113"]
[TimeControl "180+1"]
[EndTime "16:01:23 PDT"]
[Termination "Jospem won by resignation"]

1. e4 e5 2. Nf3 Nc6 3. Nc3 Nf6 4. h3 Bb4 5. Bd3 d6 6. a3 Bxc3 7. dxc3 Ne7 8. Qe2 Ng6 9. Be3 Be6 10. O-O-O Qe7 11.
Nd2 O-O 12. g3 d5 13. h4 dxe4 14. Nxe4 Nxe4 15. Bxe4 f5 16. Bxb7 Rab8 17. Qa6 c5 18. h5 Qxb7 19. Qxe6+ Kh8 20. b3 Rf6 21. Qd5 Nf8 22.
Qxb7 Rxb7 23. Rd8 Rc7 24. Rhd1 f4 25. gxf4 exf4 26. Bd2 h6 27. Re1 Kh7 28. Ree8 Rcf7 29. c4 f3 30. b4 g6 31. hxg6+ Kxg6 32. Rd5 Ne6 33. Re5 Nc7 34. Rg8+ Kh7 35. Rc8 Ne6 36. Kb2 cxb4 37. axb4 Nd4 38. b5 a6 39. Re4 Ne2 40. Rc5 axb5 41. cxb5 Rg6 42. Be3 Rb7 43. Rh5 Rd6 44.
Reh4 Kg8 45. c4 Rd3 46. Rxh6 Rc7 47. Rh8+ Kf7 48. R8h7+ Kg6 49. Rxc7 Rxe3 50. b6 Re8 51. b7 Rb8 52. c5 Kf5 53. c6 Kg5 54. Rhh7 Nf4 55.
Rc8 Nd3+ 56. Kc3 Nxf2 57. Rxb8 Ne4+ 58. Kb2 f2 59. Rf8 Nf6 60. Rg7+ Kf5 61. Rgf7 1-0

[Event "Late-Titled-Tuesday-Blitz-September-26-2023"]
[Site "Chess.com"]
[Date "2023.09.26"]
[Round "11"]
[White "IgorBjelobrk"]
[Black "Iball95"]
[Result "0-1"]
[WhiteElo "2635"]
[BlackElo "2762"]
[TimeControl "180+1"]
[EndTime "16:01:23 PDT"]
[Termination "Iball95 won on time"]

1. d4 d5 2. c4 e6 3. Nf3 Nf6 4. g3 c5 5. cxd5 cxd4 6. Qxd4 exd5 7. Bg2 Nc6 8. Qd1 Bc5 9. O-O O-O 10. Nbd2 h6 11. Nb3 Bb6 12. Nbd4 Re8 13. b3 Ne4 14. Bb2 Bg4 15. Rc1 Rc8 16. Nxc6 bxc6 17.
Ne5 Nxf2 18. Rxf2 Bxf2+ 19. Kxf2 Qf6+ 20. Bf3 Bxf3 21. exf3 Rxe5 22. f4 d4 23. Bxd4 Rd8 24.
Bxe5 Rxd1 25. Rxd1 Qf5 26. Rd2 f6 27. Bd4 a6 28.
Be3 h5 29. h4 Kh7 30. b4 Kg6 31. Bc5 Qe6 32. Re2 Qd5 33. a3 Kf5 34. Re3 Kg4 35.
Ke2 a5 36. Kf2 a4 37. Ke2 Qa2+ 38. Kf1 Qc2 39. Ke1 Kh3 40. Kf1 Qd1+ 41. Kf2 Kg4 42. Kg2 Qd2+ 43. Kf1 Kh3 44. Bb6 Qg2+ 45. Ke1 Qh1+ 46.
Kf2 Qh2+ 47. Kf1 Kg4 48. Bc5 Qh1+ 49. Kf2 g6 50. Bb6 Qh2+ 51. Kf1 Qc2 52. Bc5 Qf5 53. Kf2 g5 54. hxg5 fxg5 55. Bd6 h4 56. gxh4 gxh4 57. Be5 Qc2+ 58. Kg1 h3 0-1

[Event "Late-Titled-Tuesday-Blitz-September-26-2023"]
[Site "Chess.com"]
[Date "2023.09.26"]
[Round "11"]
[White "valemava"]
[Black "Dewarfd"]
[Result "0-1"]
[WhiteElo "2372"]
[BlackElo "2231"]
[TimeControl "180+1"]
[EndTime "16:01:24 PDT"]
[Termination "Dewarfd won on time"]

1. e4 e5 2. f4 exf4 3. d4 d5 4. Bxf4 dxe4 5. Nc3 Nf6 6. Bc4 Bb4 7. Ne2 O-O 8. O-O Bg4 9. Qe1 Nc6 10. Bg5 Bxe2 11.
Qxe2 Qxd4+ 12. Kh1 Be7 13. Nb5 Qc5 14. Be3 Qb4 15. c3 Qa5 16. b4 Qa4 17. Nxc7 Rac8 18. Bb3 Qa3 19. Bc1 Nd4 20. cxd4 Qxb4 21. Nd5 Nxd5 22. Bxd5 Qxd4 23. Qxe4 Qxa1 24. Bc4 Qc3 25. Qxe7 Qxc4 26. Re1 Qxc1 27. h3 Qc7 28. Qe3 Qb6 29.
Qg5 h6 30. Qg3 Rce8 31. Rf1 Qe6 32. Rf4 Qe5 33. Kh2 g5 34. Rf3 Qxg3+ 35. Kxg3 Re4 36. Rb3 b6 37. Kf3 Rfe8 38. Rb5 R4e5 39. Rb4 Re3+ 40. Kf2 Re2+ 41. Kg3 R8e3+ 42. Kh2 Rxa2 43. Rd4 Ree2 44. h4 Rxg2+ 45. Kh3 g4+ 46. Rxg4+ Rxg4 47. Kxg4 Kg7 48. h5 Ra4+ 0-1

[Event "Late-Titled-Tuesday-Blitz-September-26-2023"]
[Site "Chess.com"]
[Date "2023.09.26"]
[Round "11"]
[White "AEMEffi"]
[Black "Nf3c5"]
[Result "0-1"]
[WhiteElo "2373"]
[BlackElo "2582"]
[TimeControl "180+1"]
[EndTime "16:01:27 PDT"]
[Termination "Nf3c5 won on time"]

1. d4 Nf6 2. c4 e6 3. g3 d5 4. Nf3 Bb4+ 5. Bd2 Be7 6. Bg2 O-O 7.
O-O Ne4 8. Bf4 Nc6 9. cxd5 exd5 10.
Nbd2 f5 11. Rc1 g5 12. Be5 g4 13. Ne1 Nxe5 14. dxe5 c6 15. Nd3 Bg5 16. e3 Qe7 17. Nb3 h5 18. Nf4 Bxf4 19. exf4 h4 20. Nd4 hxg3 21. fxg3 Be6 22. Bxe4 dxe4 23. Nxe6 Qxe6 24. Qd6 Qxd6 25. exd6 Rad8 26. Rfd1 Rf6 27. Rc5 Kf7 28. d7 Kg6 29. Re5 Rf7 30. Re6+ Kg7 31. Re8 Rdxd7 32. Re1 Rd2 33. b4 Rfd7 34. Re5 Kf6 35. Re8 Rxa2 36. Rf8+ Kg6 37. Rg8+ Kf7 38. Rb8 Rb2 39. Rh8 Rxb4 40. h3 gxh3 41. Rxh3 Rb2 42. Rh5 Kg6 43. Rg5+ Kf6 44. g4 fxg4 45. Rxg4 Rdd2 46. f5 Kxf5 47.
Rgxe4 Rg2+ 48. Kh1 Rh2+ 49. Kg1 Rbg2+ 50. Kf1 Rf2+ 51.
Kg1 Rhg2+ 52. Kh1 Kg5 53. Re5+ Kh4 54. R1e4+ Rg4 55. Re1 Rf3 0-1

[Event "Late-Titled-Tuesday-Blitz-September-26-2023"]
[Site "Chess.com"]
[Date "2023.09.26"]
[Round "11"]
[White "DvaHrasta"]
[Black "IngOscarArdila"]
[Result "1-0"]
[WhiteElo "2515"]
[BlackElo "2392"]
[TimeControl "180+1"]
[EndTime "16:01:29 PDT"]
[Termination "DvaHrasta won on time"]

1. c4 Nf6 2. g3 g6 3. Bg2 Bg7 4. Nc3 O-O 5. Nf3 d6 6. O-O Nbd7 7. d3 e5 8. Rb1 Nc5 9. b4 Ne6 10.
e4 Rb8 11. h3 Re8 12. Be3 a6 13. a4 c6 14. b5 axb5 15. axb5 Bd7 16. Qa4 Ra8 17.
Qb4 Qa5 18. bxc6 Qxb4 19. Rxb4 bxc6 20. Rb7 Ra3 21. Bd2 Rea8 22. Rfb1 h5 23. Rb8+ Kh7 24.
c5 dxc5 25. Nxe5 Nd4 26. Rxa8 Rxa8 27. Nxf7 Ra7 28. Ng5+ Kg8 29. Rb8+ Ne8 30. Bf4 Bf6 31. e5 Bxg5 32. Bxg5 Kf7 33. Ne4 Ne6 34. Be3 Ra1+ 35. Kh2 Rd1 36. Bxc5 Rxd3 37. Be3 Rd1 38. Bf3 Ra1 39. Be2 Ra2 40. Bc4 Rc2 41. Bb3 Re2 42. Nc5 Ke7 43. Nxd7 Kxd7 44. Bxe6+ Kxe6 45. Rxe8+ Kd7 46. Rg8 c5 47. Bxc5 Rxe5 48. Be3 Re6 49. h4 Kc6 50. Kg2 Kd5 51. Kf3 Rf6+ 52. Bf4 Re6 53.
Rd8+ Kc4 54. Rd6 Re1 55. Rxg6 Kd5 56. Rg5+ Ke6 57. Rxh5 Rb1 58. Rh6+ Kf7 59. Ra6 Kg7 60. Kg4 Kf7 61. h5 Rb5 62. Bg5 Rb1 63. f4 Rg1 64. h6 Ke8 65. h7 Rh1 66. Rh6 1-0

[Event "Late-Titled-Tuesday-Blitz-September-26-2023"]
[Site "Chess.com"]
[Date "2023.09.26"]
[Round "11"]
[White "canary2016"]
[Black "elcala"]
[Result "1-0"]
[WhiteElo "2115"]
[BlackElo "1728"]
[TimeControl "180+1"]
[EndTime "16:01:29 PDT"]
[Termination "canary2016 won on time"]

1. e4 d5 2. exd5 Qxd5 3. Nc3 Qd6 4. Nf3 Nf6 5. d4 a6 6. Be3 Nc6 7. Qd2 Bg4 8. Be2 O-O-O 9. O-O-O e6 10. Kb1 Nd5 11. Ne4 Qd7 12. Ne5 Nxe5 13. dxe5 Bxe2 14. Qxe2 Qc6 15. Bg5 Be7 16. Bxe7 Nxe7 17. f3 Rd5 18. Nc3 Rc5 19. Rd3 Nd5 20. Ne4 Rb5 21. Rhd1 f5 22.
Nd2 Nc3+ 23. Rxc3 Qxc3 24. Qxb5 Qxd2 25. Qf1 Qf4 26. Qd3 Qxe5 27. Qd7+ Kb8 28. g3 g5 29. a3 h5 30. Rd3 h4 31. Rb3 Qd6 32. Qg7 Qf8 33. Qxg5 hxg3 34. hxg3 Rg8 35. Qf4 Qg7 36. Rc3 Qxg3 37. Qc4 e5 38. Qxc7+ Ka8 39. Rb3 Rb8 40. Qd7 Qf4 41. Qd6 Qd4 42. Qc7 e4 43. fxe4 fxe4 44. Ka2 e3 45. Qe7 Qd2 46. Rxe3 Qxc2 47.
Rb3 Qc4 48. Qe5 Qg8 49. Qc5 Qf7 50. Qa5 Qd7 51. Qb6 Qf7 52. Qd6 Qh7 53. Rc3 Qg7 54.
Qd2 Qf7+ 55. Ka1 1-0

[Event "Late-Titled-Tuesday-Blitz-September-26-2023"]
[Site "Chess.com"]
[Date "2023.09.26"]
[Round "11"]
[White "ExchangeAB"]
[Black "Bodhanas"]
[Result "1/2-1/2"]
[WhiteElo "2398"]
[BlackElo "2128"]
[TimeControl "180+1"]
[EndTime "16:01:35 PDT"]
[Termination "Game drawn - insufficient material"]

1. d4 d6 2. e4 c6 3. Nc3 Nd7 4. f4 Qc7 5. Nf3 e5 6. Be2 Ngf6 7. O-O Be7 8. h3 O-O 9. Be3 Re8 10. dxe5 dxe5 11.
f5 Bc5 12. Qd2 Bxe3+ 13. Qxe3 Qb6 14. Qxb6 Nxb6 15. Rfd1 Bd7 16. g4 h6 17. Kf2 Rad8 18. Ke3 Kf8 19. b3 Nh7 20. a4 Ng5 21. Ng1 f6 22. h4 Nf7 23. Nf3 a5 24. Rd2 c5 25.
Rad1 Bc6 26. Rxd8 Rxd8 27. Rxd8+ Nxd8 28. g5 hxg5 29. hxg5 Nf7 30. g6 Nd6 31. Nd2 Ke7 32.
Bb5 Bxb5 33. axb5 c4 34. bxc4 Ndxc4+ 35. Nxc4 Nxc4+ 36. Kd3 Nb6 37. Ne2 Nd7 38. Kc4 b6 39. Kd5 Nc5 40. Nc3 a4 41. Kc6 a3 42. Kxb6 Nxe4 43.
Na2 Nd6 44. Kc5 Nxf5 45. b6 Kd7 46. Kd5 Ne7+ 47. Ke4 Kc6 48. Kd3 Kxb6 49. Kc3 Kc5 50. Kb3 Nd5 51. Kxa3 e4 52. Kb2 e3 53. Kc1 f5 54. Kd1 f4 55. Ke2 Kd4 56. Kf3 Ne7 57.
Nb4 Nxg6 58. Nc6+ Kc5 59. Nd8 Kc4 60. Ne6 Kc3 61. Nxg7 Kxc2 62. Ke2 Ne5 63. Nh5 Nd3 64. Nxf4 Nxf4+ 65. Kxe3 1/2-1/2

[Event "Late-Titled-Tuesday-Blitz-September-26-2023"]
[Site "Chess.com"]
[Date "2023.09.26"]
[Round "11"]
[White "MMSANCHEZ"]
[Black "Mikhail_Bryakin"]
[Result "1-0"]
[WhiteElo "2715"]
[BlackElo "2838"]
[TimeControl "180+1"]
[EndTime "16:01:39 PDT"]
[Termination "MMSANCHEZ won by checkmate"]

1. d4 Nf6 2. Nf3 g6 3. c4 c5 4. d5 d6 5. Nc3 Bg7 6. e4 O-O 7. h3 e6 8. Bd3 exd5 9. exd5 Re8+ 10. Be3 Rxe3+ 11. fxe3 Qe7 12. O-O Nbd7 13. Qe1 Nh5 14. g4 Nhf6 15. Qf2 Ne5 16. Nxe5 Qxe5 17. Qf4 Qe7 18. Rae1 Nd7 19. Ne4 Ne5 20. Be2 Bd7 21.
Nf6+ Kh8 22. Kg2 a6 23. g5 b5 24. h4 bxc4 25. h5 Rf8 26. Rh1 Bxf6 27. gxf6 Qd8 28. hxg6 fxg6 29. Rxh7+ Kxh7 30. Rh1+ Kg8 31. Qh6 Kf7 32.
Qg7+ Ke8 33. Rh8 Bh3+ 34. Kg1 Rxh8 35. Qxh8+ Kd7 36. Qxh3+ Kc7 37. Qe6 Nd7 38. f7 Qg5+ 39. Kf2 Qh4+ 40. Kf1 Qh8 41. Qe7 Qf8 42. Qe8 Qh6 43.
Bg4 Qh1+ 44. Kf2 Qh2+ 45. Kf3 Qh1+ 46. Kf4 Qh6+ 47. Kg3 Nf8 48. Qe7+ Kb6 49. Qxd6+ Kb5 50. Bd7+ Nxd7 51. Qxd7+ Kb4 52. Qb7+ Ka5 53. Qc7+ Kb4 54. Qb6+ Ka4 55. Qxa6+ Kb4 56. Qb7+ Ka4 57. Qa8+ Kb4 58. f8=Q Qxe3+ 59. Qf3 Qg1+ 60. Qg2 Qe3+ 61. Kh2 Qf4+ 62. Qg3 Qd2+ 63. Kh3 Qh6+ 64. Kg2 Qd2+ 65. Qf2 Qg5+ 66. Kh2 Qh6+ 67. Kg1 Qg5+ 68. Kf1 c3 69. bxc3+ Kc4 70.
Qa6+ Kxc3 71. Qa3+ Kc4 72. Qb3# 1-0

[Event "Late-Titled-Tuesday-Blitz-September-26-2023"]
[Site "Chess.com"]
[Date "2023.09.26"]
[Round "11"]
[White "hansen"]
[Black "SlipperySpeedster"]
[Result "1/2-1/2"]
[WhiteElo "2903"]
[BlackElo "2659"]
[TimeControl "180+1"]
[EndTime "16:01:42 PDT"]
[Termination "Game drawn by repetition"]

1. d4 d5 2. c4 e6 3. Nc3 c5 4.
e3 Nc6 5. Nf3 Nf6 6. a3 a6 7.
Be2 dxc4 8. Bxc4 b5 9. Ba2 cxd4 10. exd4 Bb7 11. O-O Be7 12. d5 exd5 13. Nxd5 Nxd5 14. Bxd5 O-O 15. Be3 Bf6 16. Rc1 Rc8 17. Rc2 Qd7 18.
Rd2 Qf5 19. Qe2 Rfd8 20. Rfd1 Nd4 21. Bxf7+ Kxf7 22. Nxd4 Qe4 23. f3 Qg6 24. Qf2 Kg8 25.
h3 Be5 26. f4 Bb8 27. f5 Qf6 28. Ne2 Re8 29. Bf4 Qxf5 30. Bxb8 Qxf2+ 31. Kxf2 Rxb8 32. Nc3 Re7 33. Rd8+ Rxd8 34. Rxd8+ Kf7 35. Rd6 Re6 36.
Rd7+ Re7 37. Rd6 Re6 38. Rd7+ Re7 39. Rd4 Re6 40. h4 Ke7 41. g4 Rf6+ 42. Ke3 Rf3+ 43. Ke2 Rh3 44. g5 Rh2+ 45. Kd1 Rxb2 46. Nd5+ Bxd5 47.
Rxd5 Rb3 48. a4 bxa4 49. Ra5 Rb4 50. h5 Rh4 51. g6 hxg6 52. hxg6 Kf6 53. Rxa6+ Ke5 54.
Ke2 Kf5 55. Kf3 Rh3+ 56. Kg2 Ra3 57. Kf2 Ra2+ 58. Kf3 Ra1 59. Kf2 a3 60. Kg2 Ke5 61. Kh2 Kf5 62. Kg2 Ra2+ 63. Kf3 Kg5 64. Kg3 Kf5 65.
Kf3 Rh2 66. Kg3 Ra2 67. Kf3 1/2-1/2

[Event "Late-Titled-Tuesday-Blitz-September-26-2023"]
[Site "Chess.com"]
[Date "2023.09.26"]
[Round "11"]
[White "mitrabhaa"]
[Black "AradNazari"]
[Result "1-0"]
[WhiteElo "2862"]
[BlackElo "2802"]
[TimeControl "180+1"]
[EndTime "16:01:45 PDT"]
[Termination "mitrabhaa won on time"]

1. c4 e5 2. Nc3 Bb4 3. Nd5 Bc5 4. e3 c6 5. Nc3 d5 6. d4 exd4 7. exd4 Bb6 8. Nf3 Nf6 9. c5 Bc7 10. Bg5 h6 11. Bh4 Bg4 12. Bd3 Qe7+ 13. Qe2 Qxe2+ 14. Bxe2 Nbd7 15. Nd2 Bxe2 16. Kxe2 O-O 17. Kd3 b6 18. b4 a5 19. a3 b5 20. f3 Nh5 21. Ne2 Rfe8 22. a4 bxa4 23. Rxa4 axb4 24. Rha1 Rxa4 25. Rxa4 Bxh2 26. Rxb4 g5 27. Bf2 Rb8 28.
Ra4 Nf4+ 29. Nxf4 Bxf4 30. Be3 Bxe3 31. Kxe3 Rb2 32. Ra7 Nf8 33. Rc7 Ne6 34. Rxc6 Nxd4 35.
Rc8+ Kg7 36. g4 Ne6 37. c6 Rc2 38. Kd3 Rc1 39. Nb3 Nc5+ 40. Nxc5 Rxc5 41. Kd4 Rc4+ 42. Kxd5 Rc3 43. Re8 Kf6 44. Kd6 Rd3+ 45. Kc5 Rc3+ 46. Kb5 Rb3+ 47. Kc4 Rb1 48. Kd5 Rd1+ 49. Kc5 Rc1+ 50.
Kb6 Rb1+ 51. Ka7 Ra1+ 52. Kb7 Rb1+ 53. Kc8 Rb3 54. c7 Rxf3 55. Kb7 Rb3+ 56. Kc6 Rc3+ 57. Kb6 Rb3+ 58. Ka5 Rc3 59. c8=Q Rxc8 60. Rxc8 Ke5 61. Rc4 Kd5 62. Kb4 Ke6 63. Kc3 f5 64. Rc6+ Kd5 65.
Rxh6 fxg4 66. Kd3 1-0

[Event "Late-Titled-Tuesday-Blitz-September-26-2023"]
[Site "Chess.com"]
[Date "2023.09.26"]
[Round "11"]
[White "cassoulet"]
[Black "nOcHeaTiNgKiD"]
[Result "1-0"]
[WhiteElo "2747"]
[BlackElo "2596"]
[TimeControl "180+1"]
[EndTime "16:01:46 PDT"]
[Termination "cassoulet won by checkmate"]

1. e4 c6 2. Nc3 d5 3. d4 dxe4 4. Nxe4 Nf6 5. Nxf6+ exf6 6. c3 Bd6 7. Bd3 O-O 8. Qc2 Re8+ 9. Ne2 h5 10. Be3 Be6 11. O-O-O Nd7 12. Ng3 h4 13. Nf5 Nf8 14. Nxh4 Qa5 15. b3 g6 16. Nf3 Qc7 17. h4 a5 18. h5 g5 19. h6 a4 20. b4 b6 21.
h7+ Kh8 22. Rh6 Be7 23. Rdh1 c5 24. dxc5 bxc5 25. b5 c4 26. Bf5 Ba3+ 27. Kb1 Rab8 28. Nd4 Qe5 29. Ka1 Bd5 30. Rb1 Ne6 31. Bxe6 fxe6 32.
Qg6 Rf8 33. Qc2 Be4 34. Qxa4 Bxb1 35. Qxa3 Ra8 36. Qe7 Bxa2 37. Kb2 Bb3 38. Nxb3 cxb3 39. Qb4 Ra2+ 40. Kxb3 Qd5+ 41. c4 Qa8 42. Bc1 Ra1 43.
Bb2 Rb1 44. Kc2 Rf1 45. Rxf6 Rxf6 46. Bxf6+ Kxh7 47. Qe7+ Kg6 48. Bd4 Qa2+ 49. Kd3 Qb3+ 50. Ke4 Re1+ 51. Be3 Rxe3+ 52. fxe3 Qxc4+ 53. Kf3 Qxb5 54. Qxe6+ Kg7 55. Qe7+ Kg6 56. Qe4+ Kg7 57. Qd4+ Kg6 58. g4 Qf1+ 59. Ke4 Qg2+ 60. Ke5 Qg3+ 61. Ke6 Qe1 62. Qf6+ Kh7 63. Qf7+ Kh6 64. Qh5+ Kg7 65. Qxg5+ Kh7 66. Qf5+ Kg7 67. Qe5+ Kh7 68. Qe4+ Kg7 69. Qe5+ Kh7 70. Kf7 Qb4 71. Qg7# 1-0

[Event "Late-Titled-Tuesday-Blitz-September-26-2023"]
[Site "Chess.com"]
[Date "2023.09.26"]
[Round "11"]
[White "Kombinator01"]
[Black "CheckThis4"]
[Result "1/2-1/2"]
[WhiteElo "2470"]
[BlackElo "2692"]
[TimeControl "180+1"]
[EndTime "16:01:49 PDT"]
[Termination "Game drawn - insufficient material"]

1. d4 Nf6 2. Bf4 d5 3. e3 c5 4. Nd2 Nc6 5. Ngf3 cxd4 6. exd4 Qb6 7. Nb3 Bf5 8. a4 a6 9. a5 Qd8 10. Nc5 Nxa5 11. c3 e6 12. Qa4+ b5 13. Qxa5 Bxc5 14.
dxc5 Ne4 15. Bxb5+ Ke7 16. Qxd8+ Rhxd8 17. Be2 Nxc5 18. O-O f6 19. b4 Ne4 20. Rxa6 Nxc3 21. Bd6+ Kd7 22. Rxa8 Nxe2+ 23. Kh1 Rxa8 24. Bc5 Nf4 25. Nd4 Be4 26. f3 Bd3 27. Rd1 Bc4 28.
g3 Nd3 29. Rb1 e5 30. Nf5 Nxc5 31. bxc5 Kc6 32. Nxg7 Kxc5 33. Ne6+ Kd6 34. Ng7 d4 35.
Nf5+ Ke6 36. g4 Bd5 37. Rb6+ Kf7 38. Rd6 Bxf3+ 39. Kg1 e4 40. Nxd4 Bxg4 41. Kf2 f5 42. Kg3 h5 43. Rb6 Ra3+ 44. Kf4 e3 45. Rb7+ Ke8 46. Rb8+ Kd7 47. Rb7+ Kc8 48. Re7 e2 49. Nxe2 Rf3+ 50. Kg5 Rf2 51. Nd4 Rxh2 52. Nc6 Ra2 53. Na7+ Kb8 54. Nc6+ Ka8 55. Rg7 Ra6 56. Nb4 Rb6 57. Nd5 Rb7 58. Rg8+ Ka7 59. Rg6 Rd7 60. Nf6 Rb7 61. Nxh5 Bxh5 62. Kxh5 Rf7 63. Rg2 f4 64. Rf2 f3 65. Kg4 Kb6 66. Rxf3 Rg7+ 67. Kf4 Rc7 68.
Re3 Kc6 69. Re4 Kb7 70. Rb4+ Kc8 71. Rd4 Rd7 72. Rxd7 Kxd7 1/2-1/2

[Event "Late-Titled-Tuesday-Blitz-September-26-2023"]
[Site "Chess.com"]
[Date "2023.09.26"]
[Round "11"]
[White "Goryachkina"]
[Black "Orest_Vovk"]
[Result "1/2-1/2"]
[WhiteElo "2671"]
[BlackElo "2586"]
[TimeControl "180+1"]
[EndTime "16:01:50 PDT"]
[Termination "Game drawn by repetition"]

1. Nf3 h6 2. h4 Nf6 3. d4 Ne4 4. Bf4 Rg8 5. Nbd2 g5 6. hxg5 Nxg5 7. e3 d6 8. Bd3 Bg4 9. c3 c6 10. Qc2 Nd7 11. O-O-O Qa5 12. Kb1 O-O-O 13. Bg3 Be6 14.
Nb3 Qa4 15. Nfd2 Nb6 16. c4 c5 17. dxc5 dxc5 18. Nxc5 Qxc2+ 19. Kxc2 Bd7 20. Nxd7 Nxd7 21.
Nb3 Bg7 22. Rd2 Ne6 23. Rhd1 Nec5 24. Bh7 Nxb3 25. axb3 Rh8 26. Be4 Nc5 27. Rxd8+ Rxd8 28. Rxd8+ Kxd8 29. Bf3 a5 30. Bf4 b6 31. g4 e6 32. Bg3 Kd7 33. Bg2 Bf6 34. f4 Bg7 35. Be1 Na6 36. Be4 Nb4+ 37. Kb1 Na6 38. Bc3 Bxc3 39.
bxc3 Nc5 40. Bc2 Kd6 41. Kc1 e5 42. Kd2 exf4 43. exf4 Ne6 44. Ke3 f6 45. b4 axb4 46.
cxb4 Ng7 47. Bd3 h5 48. gxh5 Nxh5 49. Be4 Ng3 50. Bf3 Nf5+ 51. Kd3 Ng3 52. Bg4 Kc6 53. Ke3 Kd6 54. Kf3 Nf1 55. Ke2 Ng3+ 56. Kd3 Kc6 57.
Bf3+ Kd6 58. Bg2 Nf5 59. Bh3 Ng3 60. Bg4 1/2-1/2

[Event "Late-Titled-Tuesday-Blitz-September-26-2023"]
[Site "Chess.com"]
[Date "2023.09.26"]
[Round "11"]
[White "MajorCoast"]
[Black "Eloist"]
[Result "0-1"]
[WhiteElo "2272"]
[BlackElo "2460"]
[TimeControl "180+1"]
[EndTime "16:01:53 PDT"]
[Termination "Eloist won by checkmate"]

1. d4 e6 2. Nf3 Nf6 3. Bf4 d5 4. e3 c5 5. Bd3 Nc6 6. c3 Bd6 7. Bg3 O-O 8. Nbd2 b6 9. O-O Bb7 10. e4 c4 11. Bxd6 Qxd6 12. e5 Qd8 13. exf6 cxd3 14.
fxg7 Kxg7 15. Ne5 Nxe5 16. dxe5 Qg5 17. f4 Qg6 18. Rf3 Kh8 19. Rg3 Qf5 20. Qf3 f6 21. Re1 Ba6 22. Nb3 fxe5 23. Rxe5 Qxe5 24. fxe5 Rxf3 25. Rxf3 Kg7 26. Kf2 Bc4 27. Ke3 Rf8 28.
Rxf8 Kxf8 29. Nd4 Kf7 30. b3 Ba6 31. Nc6 Kg6 32. g4 Kg5 33. h3 Kh4 34. Nd4 Bc8 35.
Nf3+ Kxh3 36. Ng5+ Kxg4 37. Nxh7 Kf5 38. Nf6 Kxe5 39.
Ng4+ Kf5 40. Nf2 Ba6 41. a4 e5 42. b4 e4 43. b5 Bc8 44. Nd1 a6 45. Nb2 axb5 46. axb5 Bd7 47. Na4 Bxb5 48. Nxb6 Bc4 49. Nc8 Ke5 50. Ne7 Ke6 51. Nc6 Kd6 52. Nd4 Kc5 53.
Nf5 Kb5 54. Nd4+ Ka4 55. Kd2 Ka3 56. Nf5 Kb2 57. Nd4 e3+ 58. Kxe3 Kxc3 59. Nf3 Kc2 60. Nd4+ Kc3 61. Nf3 Bb5 62. Ne1 d2 63. Nf3 d1=Q 64. Kf4 Qf1 65. Kg3 Be2 66. Kh2 Qxf3 67. Kg1 d4 68. Kh2 d3 69. Kg1 d2 70. Kh2 Kc2 71.
Kg1 d1=Q+ 72. Kh2 Qdh1# 0-1

[Event "Late-Titled-Tuesday-Blitz-September-26-2023"]
[Site "Chess.com"]
[Date "2023.09.26"]
[Round "11"]
[White "Byniolus"]
[Black "whitemirrorninja"]
[Result "1-0"]
[WhiteElo "2763"]
[BlackElo "2509"]
[TimeControl "180+1"]
[EndTime "16:01:54 PDT"]
[Termination "Byniolus won by checkmate"]

1. f3 d5 2. e3 g6 3. d3 Bg7 4. c3 Nf6 5. g3 O-O 6. h3 b6 7. b3 Bb7 8. a3 c5 9. Bg2 Nbd7 10. Ne2 Qc7 11. O-O e5 12. Nd2 Rfe8 13. Kh2 h5 14. Kh1 Rad8 15. Qc2 Nf8 16. Re1 Qb8 17. a4 Qa8 18. a5 b5 19. a6 Bc6 20. Bb2 Ne6 21. d4 exd4 22. exd4 c4 23. Ba3 Qc8 24. Bb4 Bd7 25. h4 Nc7 26. Nf1 Bh3 27. Bc5 Bxg2+ 28. Kxg2 Nxa6 29. Bxa7 Rd7 30. Bb6 Rde7 31. Kf2 Nb8 32.
Bc5 Re6 33. Nf4 Rxe1 34. Rxe1 Rxe1 35. Kxe1 Nbd7 36. b4 Bh6 37. Ng2 Qa8 38. Nge3 Qa1+ 39. Kf2 Qa6 40. g4 hxg4 41. Nxg4 Nxg4+ 42. fxg4 Nf6 43. g5 Ne4+ 44. Kg2 Bg7 45. Ng3 Qe6 46. Nxe4 dxe4 47. Qe2 e3 48. Kf3 Qh3+ 49. Ke4 f5+ 50. Kd5 f4 51. Kc6 Qe6+ 52. Kxb5 Qe4 53. h5 gxh5 54.
Qxc4+ Kh7 55. d5 e2 56. Bf2 Qxc4+ 57. Kxc4 f3 58. d6 Be5 59. Kd5 Bxd6 60. Kxd6 Kg6 61. b5 Kxg5 62. b6 Kg4 63. b7 Kh3 64. b8=Q Kg2 65.
Qb6 h4 66. Bxh4 f2 67. Qxf2+ Kh3 68. Qg3# 1-0